 Dungeon Crawl Stone Soup version 0.27-b1-42-g19c61b19a5 (webtiles) character file.

Game seed: 16516541847778850803

25 Shampoocat the Ruffian (level 3, -1/30 HPs)
             Began as a Ghoul Gladiator on July 30, 2021.
             Slain by an adder (3 damage)
             ... on level 2 of the Dungeon.
             The game lasted 00:03:47 (381 turns).

Shampoocat the Ruffian (Ghoul Gladiator)             Turns: 381, Time: 00:03:47

Health: -1/30      AC:  4    Str: 18    XL:     3   Next: 6%
Magic:  2/2        EV: 12    Int:  3    God:
Gold:   22         SH:  0    Dex: 10    Spells: 2/2 levels left

rFire    . . .     SeeInvis .     - Unarmed
rCold    + . .     Faith    .   (no shield)
rNeg     + + +     Spirit   .   a - +0 leather armour
rPois    ∞         Reflect  .   b - +0 helmet
rElec    .         Harm     .   (no cloak)
rCorr    .         Rampage  .   (no gloves)
Will     .....                  (no boots)
Stlth    +.........             (no amulet)
HPRegen  0.00/turn              (no ring)
MPRegen  0.08/turn              (no ring)

@: inhibited regen
A: claws 1, cold resistance 1, negative energy resistance 3, inhibited
regeneration, torment resistance 2
a: no special abilities


You were on level 2 of the Dungeon.
You visited 1 branch of the dungeon, and saw 2 of its levels.

You collected 22 gold pieces.

Inventory:

Hand Weapons
 d - a +0 giant spiked club
Missiles
 c - 3 throwing nets (quivered)
 e - 3 javelins
 g - 24 sling bullets
 h - 40 stones
Armour
 a - a +0 leather armour (worn)
 b - a +0 helmet (worn)
Potions
 f - a potion of curing


   Skills:
 + Level 2.3 Fighting
 + Level 1.9 Throwing
 + Level 0.4 Armour
 + Level 3.1 Dodging
 + Level 3.7 Unarmed Combat


You had 2 spell levels left.
You didn't know any spells.
Your spell library contained the following spells:

 Spells                   Type           Power      Damage    Failure   Level
 Corpse Rot               Necr/Air       N/A        N/A       73%         2
 Dispel Undead            Necr           0%         3d6       100%        4
 Death Channel            Necr           0%         N/A       100%        6


Dungeon Overview and Level Annotations

Branches:
Dungeon (2/15)

Altars:


Innate Abilities, Weirdness & Mutations

You thrive by killing the living.
You are immune to poison.
You have sharp fingernails.
Your flesh is cold resistant. (rC+)
You are immune to negative energy. (rN+++)
You do not regenerate when monsters are visible.
You are immune to unholy pain and torment.


Message History

The bat hits you.
* * * LOW HITPOINT WARNING * * *
The adder closely misses you. The bat misses you. The adder barely misses you.
You see here 4 gold pieces.
You closely miss the adder. The bat closely misses you. x2
The adder bites you.
* * * LOW HITPOINT WARNING * * *
The adder barely misses you.
You closely miss the adder. The bat closely misses you.
The adder barely misses you.
You miss the adder. The bat hits you but does no damage.
The adder closely misses you.
You closely miss the adder. The bat hits you but does no damage.
The adder closely misses you.
You barely miss the adder. You claw the adder.
The adder is lightly wounded.
The bat hits you.
* * * LOW HITPOINT WARNING * * *
The adder bites you but does no damage. The bat closely misses you.
You barely miss the adder.
The adder is lightly wounded.
The bat barely misses you. The adder misses you. x2
You barely miss the adder.
The adder is lightly wounded.
The bat closely misses you. The adder bites you but does no damage.
You scratch the adder.
The adder is heavily wounded.
The bat hits you but does no damage. The adder bites you.
* * * LOW HITPOINT WARNING * * *
You scratch the adder.
The adder is severely wounded.
The bat barely misses you. The adder closely misses you.
You closely miss the adder.
The adder is severely wounded.
The bat hits you but does no damage. The adder closely misses you.
You completely miss the adder.
The adder is severely wounded.
The bat misses you. The adder bites you.
You die...

..$.. #..
#....#.. #.
...#..# ..
.#...##.
##.... .
#....#.###.# #
###.bS.#......
# ###....@.).#
#...
.........###
....
..........#
....
..........#
....
..........#
....
........$.#
....
..........#
...
#.........# ..
.....!....#


You could see an adder and a bat.

Vanquished Creatures
  An adder (D:2)
  An adder skeleton (D:2)
  5 ball pythons
  2 endoplasms
  A giant cockroach (D:1)
  2 bats (D:2)
  2 frilled lizards
  A rat (D:2)
15 creatures vanquished.

Notes
Turn   | Place    | Note
-------+----------+-------------------------------------------
     0 | D:1      | Shampoocat the Ghoul Gladiator began the quest for the Orb.
     0 | D:1      | Reached XP level 1. HP: 17/17 MP: 0/0
    72 | D:1      | Reached XP level 2. HP: 18/24 MP: 1/1
   343 | D:2      | Reached XP level 3. HP: 15/30 MP: 2/2
   381 | D:2      | Slain by an adder

Illustrated notes

Levels and vault maps discovered:
D:1:      ebering_trefoil_twist, layout_loops_corners, grunt_decor_clamped
D:2:      layout_rooms, corexii_hall_statues_l, minivault_26,
          kennysheep_flooded_box

Skill      XL: |  1 |
---------------+----+-----
Dodging        | 3 |  3.1
Fighting       | |  2.3
Throwing       | |  1.9
Armour         | |  0.4
Unarmed Combat | |  3.7

Action                   || total
-------------------------++-------
Melee: Unarmed           ||    56
       Punch             ||     1
  Use: Scroll            ||     3
Armor: Leather armour    ||    29
Dodge: Dodged            ||    72
